 Dungeon Crawl Stone Soup version 0.18.0-2-g198d6d4 (webtiles) character file.

14 imoen the Insei (level 2, -1/16 HPs)
             Began as a Vine Stalker Monk on May 5, 2016.
             Slain by an iguana (7 damage)
             ... on level 4 of the Dungeon.
             The game lasted 00:01:47 (282 turns).

imoen the Insei (Vine Stalker Monk)                  Turns: 282, Time: 00:01:48

Health: -1/16      AC:  2    Str: 13    XL:     2   Next: 41%
Magic:  0/3        EV: 13    Int: 10    God:
Gold:   0          SH:  0    Dex: 16    Spells: 0 memorised, 1 level left

rFire  . . .     SeeInvis .       - Unarmed
rCold  . . .     Gourm    .     a - +0 robe
rNeg   . . .     Faith    .     (no shield)
rPois  .         Spirit   +     (no helmet)
rElec  .         Dismiss  .     (no cloak)
rCorr  .         Reflect  .     (no gloves)
SustAt .         Harm     .     (no boots)
MR     .....                    (no amulet)
Stlth  ++........               (no ring)
                                (no ring)

@: not resistant to hostile enchantments, unstealthy
A: fangs 2, regeneration 1, magic shield, antimagic bite, no device heal 3, rot
immunity
a: no special abilities


You were on level 4 of the Dungeon.
You were not hungry.

You visited 1 branch of the dungeon, and saw 4 of its levels.

Inventory:

Armour
 a - a +0 robe (worn)
Potions
 c - a potion of curing {unknown}
 d - a potion of beneficial mutation {unknown}
Comestibles
 b - a bread ration
 f - a beef jerky


   Skills:
 - Level 2.6 Fighting
 - Level 2.4 Dodging
 - Level 2.4 Stealth
 + Level 4.6 Unarmed Combat


You had one spell level left.
You didn't know any spells.

Dungeon Overview and Level Annotations

Branches:
Dungeon (4/15)
 Temple: D:4-7

Altars:
Ru


Innate Abilities, Weirdness & Mutations

You have extremely sharp teeth.
Your natural rate of healing is unusually fast.
When hurt, damage is shared between your health and your magic reserves.
Your bite disrupts and absorbs the magic of your enemies.
Potions and wands cannot restore your health.
You are immune to rotting.


Message History

You hit the worm. Your punch misses the worm.
Unknown command.
You hit the worm. You bite the worm. You drain its power.
You feel invigorated. The worm bites you.
* * * LOW HITPOINT WARNING * * *
You take 1 damage, and have 6/16 hp.
MP restored: 3 Unknown command.
Unknown command.
Unknown command.
You barely miss the worm.
Unknown command.
You hit the worm. Your bite misses the worm.
Unknown command.
You hit the worm. You bite the worm, but do no damage. The worm bites you!
* * * LOW HITPOINT WARNING * * *
You take 5 damage, and have 2/16 hp.
MASSIVE DAMAGE!!
You now have 1/3 mp.
You hit the worm. You bite the worm. You drain its power.
You feel invigorated.
You kill the worm!
MP restored: 3 You see here a worm corpse.
Wield which item (- for none, * to show all)? (? for menu, Esc to quit)
b - a bread ration (in hand)
You swing at nothing.
You swing at nothing.
You swing at nothing.
You swing at nothing.
You swing at nothing.
You swing at nothing.
You swing at nothing.
You swing at nothing.
You swing at nothing.
You swing at nothing.
You swing at nothing.
You swing at nothing.
You swing at nothing.
You swing at nothing.
You swing at nothing.
You swing at nothing.
You swing at nothing.
You swing at nothing.
You swing at nothing.
You swing at nothing.
You swing at nothing.
You swing at nothing.
You swing at nothing.
You swing at nothing.
You swing at nothing.
You swing at nothing.
You swing at nothing.
You swing at nothing.
You swing at nothing.
Wield which item (- for none, * to show all)? (? for menu, Esc to quit)
You are now empty-handed.
There is a stone staircase leading up here.
Health restored: 16 As you open the door, it creaks loudly!
There is an open door here.
A goblin comes into view.
The helpless goblin fails to defend itself.
You hit the goblin. The goblin closely misses you.
You barely miss the goblin. The goblin hits you.
You take 2 damage, and have 14/16 hp.
You hit the goblin.
You kill the goblin!
Health restored: 16
There is a stone staircase leading down here.
You climb downwards.
An iguana comes into view.
There is a stone staircase leading up here.
Unknown command.
An orc priest comes into view. It is wielding a club.
The iguana hisses angrily.
The orc priest shouts!
The iguana closely misses you.
An orc comes into view. It is wielding a dagger.
You hit the iguana. You punch the iguana, but do no damage.
You bite the iguana, but do no damage. The iguana closely misses you.
Unknown command.
You hit the iguana. You hit the iguana but do no damage. The iguana misses you.
You barely miss the iguana. The iguana bites you!
Ouch! That really hurt!
* * * LOW HITPOINT WARNING * * *
You take 12 damage, and have 4/16 hp.
MASSIVE DAMAGE!!
You now have 1/3 mp.
Unknown command.
You hit the iguana. You bite the iguana, but do no damage.
The iguana closely misses you.
Unknown command.
Unknown command.
You hit the iguana but do no damage. Your punch misses the iguana.
Your bite misses the iguana. The iguana barely misses you.
Unknown command.
There is a stone staircase leading up here.
Unknown command.
You hit the iguana. The iguana bites you!
You die...

## .. .# o# .#
#.#######.##.#
#....@lo.o...#
#########.......
######.


You could see an iguana, an orc priest and an orc.

Vanquished Creatures
  An ooze (D:3)
  A worm (D:3)
  2 goblins
  A bat (D:2)
  A giant newt (D:3)
  2 kobolds
8 creatures vanquished.

Notes
Turn   | Place    | Note
--------------------------------------------------------------
     0 | D:1      | imoen the Vine Stalker Monk began the quest for the Orb.
     0 | D:1      | Reached XP level 1. HP: 11/11 MP: 2/2
   125 | D:3      | Found a sacrificial altar of Ru.
   155 | D:3      | Reached XP level 2. HP: 16/16 MP: 3/3
   181 | D:3      | HP: 2/16 [worm (5)]
   276 | D:4      | HP: 4/16 [iguana (12)]
   282 | D:4      | Slain by an iguana

Action                   || total
-------------------------++-------
Melee: Unarmed           ||    34
       Bite              ||     9
       Punch             ||     2
 Stab: Sleeping          ||     1
Armor: Robe              ||     1
Dodge: Dodged            ||    23

Vault maps used:
D:1:      dpeg_arrival_tiny_d, nemelex_diamond_rough_becter
D:3:      lemuel_crystal_altar, marbit_many_paths, uniq_robin
D:4:      st_stairs_4, minivault_25, grunt_ministairs_9

Table legend:
 A = Turns spent in this place as a percentage of turns spent in the entire game.
 B = Non-inter-level travel turns spent in this place as a percentage of non-inter-level travel turns spent in the entire game.
 C = Inter-level travel turns spent in this place as a percentage of turns spent in this place.
 D = Turns resting spent in this place as a percentage of non-inter-level travel turns spent in this place.
 E = Turns spent auto-exploring this place as a percentage of non-inter-level travel turns spent in this place.
 F = Non-inter-level travel turns spent in this place divided by the number of levels of this place that you've seen.
                   A       B       C       D       E      F
               +-------+-------+-------+-------+-------+----------------------
         Total | 100.0 | 100.0 |   0.0 |   0.0 |   0.4 |  64.0
       Dungeon | 100.0 | 100.0 |   0.0 |   0.0 |   0.4 |  64.0
               +-------+-------+-------+-------+-------+----------------------

Table legend:
 A = Kills in this place as a percentage of kills in entire the game.
 B = Kills by you in this place as a percentage of kills by you in the entire game.
 C = Kills by friends in this place as a percentage of kills by friends in the entire game.
 D = Other kills in this place as a percentage of other kills in the entire game.
 E = Experience gained in this place as a percentage of experience gained in the entire game.
 F = Experience gained in this place divided by the number of levels of this place that you have seen.
                   A       B       C       D       E      F
               +-------+-------+-------+-------+-------+----------------------
         Total | 100.0 | 100.0 |  -nan |  -nan | 100.0 |   5.0
       Dungeon | 100.0 | 100.0 |  -nan |  -nan | 100.0 |   5.0
               +-------+-------+-------+-------+-------+----------------------
